 Dungeon Crawl Stone Soup version 0.26-a0-1181-gd376ed14c5 (webtiles) character file.

Game seed: 18343329221312045798

588 Lanoc the Cudgeller (level 7, 0/67 HPs)
             Began as a Troll Fighter on Dec 25, 2020.
             Was a Follower of Elyvilon.
             Succumbed to Fjolswid's ghost's poison
             ... on level 4 of the Dungeon.
             The game lasted 00:05:43 (2392 turns).

Lanoc the Cudgeller (Troll Fighter)                 Turns: 2392, Time: 00:05:43

Health: 0/67       AC:  6    Str: 25      XL:     7   Next: 15%
Magic:  6/6        EV:  8    Int:  4      God:    Elyvilon [*.....]
Gold:   115        SH:  8    Dex:  6 (11) Spells: 6/6 levels left

rFire    + . .     SeeInvis .   a - +0 flail
rCold    . . .     Faith    .   c - +0 kite shield
rNeg     . . .     Spirit   .   b - +0 robe
rPois    .         Reflect  .   (helmet restricted)
rElec    .         Harm     .   (no cloak)
rCorr    .         Rampage  .   (gloves unavailable)
Will     .....                  (boots unavailable)
Stlth    ..........             (no amulet)
HPRegen  0.61/turn              k - ring of protection from fire
MPRegen  0.10/turn              (no ring)

@: lethally poisoned (0 -> -28), silence
A: large, unfitting armour, claws 3, regeneration 1, shaggy fur 1, tough skin 3
a: Renounce Religion


You were on level 4 of the Dungeon.
You worshipped Elyvilon.
Elyvilon was aware of your devotion.
You visited 1 branch of the dungeon, and saw 5 of its levels.
You also visited: Sewer.

You collected 232 gold pieces.
You spent 117 gold pieces at shops.

Inventory:

Hand Weapons
 a - a +0 flail (weapon)
Armour
 b - a +0 robe (worn)
 c - a +0 kite shield (worn)
Jewellery
 k - a ring of protection from fire (left claw)
Scrolls
 e - a scroll of immolation
 g - 2 scrolls of identify
 h - a scroll of remove curse
Potions
 i - 2 potions of attraction
 j - a potion of cancellation


   Skills:
 + Level 3.6 Fighting
 * Level 4.7 Maces & Flails
 + Level 2.5 Armour
 + Level 3.7 Dodging
 - Level 2.4 Shields
 + Level 0.4 Invocations


You had 6 spell levels left.
You didn't know any spells.
Your spell library contained the following spells:

 Spells                   Type           Power        Failure   Level
 Animate Skeleton         Necr           0%           93%         1
 Beastly Appendage        Tmut           0%           93%         1
 Pain                     Necr           0%           93%         1
 Wereblood                Tmut           0%           98%         2
 Spider Form              Tmut/Pois      0%           100%        3
 Vampiric Draining        Necr           0%           100%        3
 Animate Dead             Necr           0%           100%        4
 Ice Form                 Ice/Tmut       0%           100%        4
 Agony                    Necr           0%           100%        5
 Blade Hands              Tmut           0%           100%        5


Dungeon Overview and Level Annotations

Branches:
Dungeon (5/15)              Sewer (visited)
 Temple: D:4-7

Altars:
Elyvilon

Shops:
D:4 }[[*[

Annotations:
D:4 Fjolswid's ghost, amateur MiBe


Innate Abilities, Weirdness & Mutations

You are too large for most types of armour.
You have claws for hands.
Your natural rate of healing is unusually fast.
You are covered in fur. (AC +1)
You have extremely tough skin. (AC +3)


Message History

Fjolswid's ghost hits you but does no damage.
You are more poisoned.
As you read the scroll labelled ASTUTU FOIR, it crumbles to dust.
You assume a fearsome visage.
Fjolswid's ghost is unaffected.
It was a scroll of fear.
You feel very sick. Fjolswid's ghost barely misses you.
As you read the scroll labelled WECUZ ZUTE, it crumbles to dust.
The scroll dissolves into smoke.
It was a scroll of fog.
You feel sick. Fjolswid's ghost hits you!
* * * LOW HITPOINT WARNING * * *
You are more poisoned.
As you read the scroll labelled WUT RUFE OHAL, it crumbles to dust.
A profound silence engulfs you.
It was a scroll of silence.
* * * LOW HITPOINT WARNING * * *
You feel very sick. You block Fjolswid's ghost's attack.
* * * LOW HITPOINT WARNING * * *
You feel very sick.
You die...

..# #.#####........####.###..#
..### #.######.......##...# ##..
....####.#............#..### #...
..#........#####........####♣#...
..#####..###...###........##.....
..####...#.......##...##..#♣∩♣...
..♣.....)#.?.#.#..#..<#..##......
♣.∩.♣.#..#...#§#§.#.....###.♣##..
.#♣##.#.##.#..§§@##.###..##.###..
.####.#.#.#..§#W§#..###....<)##..
........#...#§§§§#©..#..#.##.###.
.#......##...§§#§#.....#..##).#..
...##...©#.#.§§#§##.#....####...#
...##.#.##..##.#..#.#..### #...##
...#..#.#...#...#.#....# #..##
...#.##.##....#..##...######..###
.........##..©...#...).......>...


You could see Fjolswid's ghost.

Vanquished Creatures
  A water moccasin (Sewer)
  An ogre (D:3)
  A hound (D:4)
  3 quasits (D:4)
  A bullfrog skeleton (D:5)
  An orc wizard (D:3)
  A worker ant (D:3)
  4 gnolls
  6 adders
  2 oozes
  4 worms
  3 leopard geckos
  12 orcs
  8 giant cockroaches
  6 goblins (D:3)
  3 hobgoblins
  4 jackals
  2 kobolds
  3 quokkas
  2 ball pythons
  6 bats
  A frilled lizard (D:3)
  7 rats
82 creatures vanquished.

Notes
Turn   | Place    | Note
-------+----------+-------------------------------------------
     0 | D:1      | Lanoc the Troll Fighter began the quest for the Orb.
     0 | D:1      | Reached XP level 1. HP: 22/22 MP: 0/0
   105 | D:2      | Reached skill level 2 in Maces & Flails
   146 | D:2      | Reached XP level 2. HP: 16/29 MP: 1/1
   351 | D:2      | Reached XP level 3. HP: 35/36 MP: 2/2
   521 | D:3      | Reached skill level 1 in Armour
   582 | D:3      | Reached XP level 4. HP: 29/44 MP: 3/3
   590 | D:3      | Reached skill level 3 in Maces & Flails
   739 | D:3      | Found a faded altar of an unknown god.
   742 | D:3      | You fall into a shaft and drop 2 floors!
   742 | D:5      | Entered Level 5 of the Dungeon
   762 | D:5      | Reached XP level 5. HP: 53/53 MP: 4/4
   777 | D:5      | Noticed a centaur
   830 | D:4      | Noticed Fjolswid's ghost (amateur MiBe)
   831 | D:4      | Found a transporter.
   890 | D:4      | Found a glowing drain.
   911 | Sewer    | Entered a sewer
   958 | Sewer    | Noticed a water moccasin
   982 | Sewer    | Killed a water moccasin
   983 | Sewer    | Reached skill level 4 in Maces & Flails
   983 | Sewer    | Reached XP level 6. HP: 17/61 MP: 5/5
  1169 | D:4      | Found Hiomea's Antique Armour Shoppe.
  1193 | D:4      | Found Leune's Assorted Antiques.
  1200 | D:4      | Bought a scroll labelled ASTUTU FOIR for 30 gold pieces
  1200 | D:4      | Bought a scroll labelled WECUZ ZUTE for 30 gold pieces
  1200 | D:4      | Bought a scroll labelled WUT RUFE OHAL for 30 gold pieces
  1200 | D:4      | Bought a murky brown potion for 27 gold pieces
  1222 | D:4      | Found Noamehan's Armour Shoppe.
  1522 | D:4      | Found a transporter.
  1885 | D:3      | Became a worshipper of Elyvilon the Healer
  1885 | D:3      | Reached * piety under Elyvilon
  2136 | D:4      | Found Zoziann's Gadget Shoppe.
  2274 | D:4      | Found Muireklo's Armour Emporium.
  2320 | D:4      | Reached XP level 7. HP: 54/67 MP: 6/6
  2391 | D:4      | HP: 3/67 [poisoned by Fjolswid's ghost]
  2392 | D:4      | Succumbed to Fjolswid's ghost's poison

Illustrated notes

Levels and vault maps discovered:
D:1:      wander_arrival_estate, layout_loops_ring, feat_on_display
D:2:      layout_basic, nicolae_qazlal_eye_of_the_storm
D:3:      layout_loops_ring, chequers_ecumenical_altar_simple_redux
D:4:      layout_rooms, gammafunk_ghost_stat_death, gup_sewer_entry_glass,
          serial_shops, kennysheep_little_box, nicolae_shop_trees,
          nicolae_shop_crystal, nicolae_shop_behind_doors, nicolae_shop_trees,
          serial_bayou_crossing
D:5:      layout_rooms, serial_shops, shop, chequers_serial_rivers_room_b

Skill      XL: |  1  2  3  4  5 |
---------------+----------------+-----
Maces & Flails | 2 3 4 |  4.7
Armour         | 1 2 |  2.5
Fighting       | 3 |  3.6
Dodging        | 3 |  3.7
Shields        | |  2.4
Invocations    | |  0.4

Action                   |  1- 3 |  4- 6 |  7- 9 || total
-------------------------+-------+-------+-------++-------
Melee: Flail             |   101 |   248 |    22 ||   371
  Use: Scroll            |       |     5 |     4 ||     9
       Potion            |       |     5 |     1 ||     6
Armor: Robe              |    29 |   149 |    39 ||   217
Dodge: Dodged            |    36 |   145 |    20 ||   201
Block: Kite shield       |    46 |   184 |    24 ||   254

Table legend: (Time is in decaauts)
 A = Elapsed time spent in this place.
 B = Non-inter-level travel time spent in this place.
 C = Inter-level travel time spent in this place.
 D = Time resting spent in this place.
 E = Time spent auto-exploring this place.
 F = Levels seen in this place.
 G = Mean time per level.
                   A        B        C        D        E       F      G
               +--------+--------+--------+--------+--------+-----+--------+
         Total |   2524 |   2466 |     58 |    200 |   1455 |   6 |  420.7 |
       Dungeon |   2316 |   2258 |     58 |    200 |   1321 |   5 |  463.2 |
         Sewer |    207 |    207 |      0 |      0 |    134 |   1 |  207.0 |
               +--------+--------+--------+--------+--------+-----+--------+

Top non-repeatable levels by time:
     D:3: 1090 daAuts
     D:4: 775 daAuts
     D:2: 324 daAuts
   Sewer: 207 daAuts
     D:1: 86 daAuts
     D:5: 40 daAuts
